 Dungeon Crawl Stone Soup version 0.30-a0-359-gd0147acb1a (webtiles) character file.

Game seed: 7745270857066112523

53 arthad the Insei (level 4, -1/28 HPs)
             Began as a Meteoran Transmuter on Nov 11, 2022.
             Slain by Terence
             ... wielding a +0 short sword
              (3 damage)
             ... on level 2 of the Dungeon.
             The game lasted 00:03:36 (972 turns).

arthad the Insei (Meteoran Transmuter)               Turns: 972, Time: 00:03:37

Health: -1/28      AC:  2    Str: 11    XL:     4   Next: 32%
Magic:  3/9        EV: 20    Int: 17    God:
Gold:   65         SH:  0    Dex: 19    Spells: 3/9 levels left

rFire   . . .      SeeInvis .      - Unarmed
rCold   . . .      Faith    .    (shield currently unavailable)
rNeg    . . .      Spirit   .    (body armour currently unavailable)
rPois   x          Reflect  .    (helmet currently unavailable)
rElec   .          Harm     .    (cloak currently unavailable)
rCorr   .          Rampage  .    (gloves currently unavailable)
Will    .....                    (boots currently unavailable)
Stlth   +.........               (no amulet)
HPRegen 0.24/turn                (no ring)
MPRegen 0.11/turn                (no ring)

@: spider-form (expiring), wereblooded, slowed, glowing, very slow
A: venomous fangs, tiny, sense surroundings 1, otherworldly, glowing, explore
regen
a: End Transformation


You were on level 2 of the Dungeon.
You were a venomous arachnid creature.
You visited 1 branch of the dungeon, and saw 2 of its levels.

You collected 65 gold pieces.

Inventory:

Hand Weapons
 h - a +2 dagger of venom
Armour
 a - a +0 robe (melded)
Wands
 j - a wand of acid (2)
Scrolls
 c - 2 scrolls of identify {unknown}
 e - a scroll of fear {unknown}
 g - a scroll of fog {unknown}
Potions
 b - 2 potions of lignification
 d - a potion of mutation {unknown}
 f - 2 potions of might {unknown}
 i - a potion of curing {unknown}


   Skills:
 + Level 2.0 Fighting
 + Level 3.0 Dodging
 + Level 4.1 Unarmed Combat
 + Level 3.3 Spellcasting
 + Level 3.0 Transmutations


You had 3 spell levels left.
You knew the following spells:

 Your Spells              Type           Power      Damage    Failure   Level
a - Beastly Appendage     Tmut           26%        N/A       14%         1
b - Wereblood             Tmut           13%        N/A       21%         2
c - Spider Form           Tmut/Pois      8%         N/A       47%         3

Your spell library contained the following spells:

 Spells                   Type           Power      Damage    Failure   Level
 Ice Form                 Ice/Tmut       8%         N/A       83%         4


Dungeon Overview and Level Annotations

Branches:
Dungeon (2/15) Zot: 431

Altars:

Annotations:
D:2 Terence


Innate Abilities, Weirdness & Mutations

You are a venomous arachnid creature.
You have poisonous fangs.
You are tiny and dextrous.
Your spellcasting is less reliable in this form.
Your armour is entirely melded.
You are incapable of wielding weapons or throwing items.
You passively map a small area around you.
You are easily found by Zot.
You glow in the dark.
You regain HP and MP as you explore.


Message History

Your horns disappear.
Your talons disappear.
You turn into a venomous arachnid creature.
Your +0 robe melds into your body.
You hit Natasha.
Natasha is lightly wounded.
Your transformation is almost over.
Natasha barely misses you.
You bite Natasha!
Natasha is poisoned.
Natasha is heavily wounded.
Natasha barely misses you.
You hit Terence but do no damage.
Terence is poisoned.
Terence says, "Time to say good-bye..."
Terence hits you with a +0 short sword. Natasha closely misses you.
You hit Natasha but do no damage.
Natasha looks as sick as possible!
Natasha is severely wounded.
Terence hits you with a +0 short sword. Natasha claws you.
You hit Terence.
Terence looks as sick as possible!
Terence is lightly wounded.
Terence misses you. Natasha claws you but does no damage.
You completely miss Terence.
Terence is lightly wounded.
Terence closely misses you.
Natasha stares at you and mumbles some strange words.
You feel yourself slow down.
You completely miss Terence.
Terence is moderately wounded.
You feel a bit better.
You kill Natasha!
Natasha screams in pain as she dies!
Terence misses you. Terence hits you with a +0 short sword!
* * * LOW HITPOINT WARNING * * *
Your Fighting skill increases to level 2!
Your Dodging skill increases to level 3!
Your Unarmed Combat skill increases to level 4!
Your Transmutations skill increases to level 3!
You have reached level 4!
You hit Terence.
Terence looks as sick as possible!
Terence is heavily wounded.
Terence hits you with a +0 short sword.
You die...

#### ### #.'#####
#...,* ##.#...≈#
#....#########..#...≈#
#.....@.........#...≈#
*
......†s...######...≈#
...........>....#≈≈≈≈#
,
............#########+
, ..................#
, ...............##.#
,. ##.########.#..##.#
.. #. #.##.##.####.. #
#..........+.. ,
#..##......#..


You could see Terence (extremely poisoned).

Vanquished Creatures
  Natasha (D:2)
  A dart slug (D:1)
  2 bats (D:1)
  2 endoplasms
  5 goblins
  4 hobgoblins
  11 frilled lizards (D:1)
  2 kobolds (D:1)
28 creatures vanquished.

Vanquished Creatures (others)
  8 plants (D:1)
8 creatures vanquished.

Grand Total: 36 creatures vanquished

Notes
Turn   | Place    | Note
-------+----------+-------------------------------------------
     0 | D:1      | arthad the Meteoran Transmuter began the quest for the Orb.
     0 | D:1      | Reached XP level 1. HP: 16/16 MP: 5/5
    86 | D:1      | Reached XP level 2. HP: 23/23 MP: 6/6
   257 | D:1      | Reached XP level 3. HP: 23/28 MP: 6/8
   260 | D:1      | Learned a level 2 spell: Wereblood
   264 | D:1      | Learned a level 3 spell: Spider Form
   503 | D:1      | Glimpsed the power of Zot.
   553 | D:1      | Glimpsed the power of Zot.
   593 | D:1      | Glimpsed the power of Zot.
   603 | D:1      | Touched by the power of Zot.
   960 | D:2      | Noticed Terence
   960 | D:2      | Noticed Natasha
   971 | D:2      | Killed Natasha
   971 | D:2      | HP: 1/22 [Terence/+0 short sword (8)]
   972 | D:2      | Reached skill level 4 in Unarmed Combat
   972 | D:2      | Reached XP level 4. HP: 2/28 MP: 3/9
   972 | D:2      | Slain by Terence

Illustrated notes

Levels and vault maps discovered:
D:1:      sevenhm_arrival_forest_fort_large_2, layout_rooms, minmay_lizard_king
D:2:      layout_basic, chequers_serial_rivers_room_a, uniq_terence,
          uniq_natasha

Skill      XL: |  1  2  3 |
---------------+----------+-----
Spellcasting   | 3 |  3.3
Fighting       | 2 |  2.0
Dodging        | 3 |  3.0
Unarmed Combat | 4 |  4.1
Transmutations | 3 |  3.0

Action                   |  1- 3 |  4- 6 || total
-------------------------+-------+-------++-------
Melee: Unarmed           |    68 |     1 ||    69
       Headbutt          |     3 |       ||     3
       Kick              |     7 |       ||     7
 Cast: Beastly Appendage |    10 |       ||    10
       Spider Form       |     1 |       ||     1
       Wereblood         |     1 |       ||     1
Armor: Robe              |    12 |       ||    12
       Skin              |     1 |       ||     1
Dodge: Dodged            |    30 |       ||    30

Table legend: (Time is in decaauts)
 A = Elapsed time spent in this place.
 B = Non-inter-level travel time spent in this place.
 C = Inter-level travel time spent in this place.
 D = Time resting spent in this place.
 E = Time spent auto-exploring this place.
 F = Levels seen in this place.
 G = Mean time per level.
                   A        B        C        D        E       F      G
               +--------+--------+--------+--------+--------+-----+--------+
         Total |    967 |    938 |     29 |     28 |    745 |   2 |  483.5 |
       Dungeon |    967 |    938 |     29 |     28 |    745 |   2 |  483.5 |
               +--------+--------+--------+--------+--------+-----+--------+

Top non-repeatable levels by time:
     D:1: 605 daAuts
     D:2: 361 daAuts
